 Dungeon Crawl Stone Soup version 0.19.5 (webtiles) character file.

101 McKennaii the Skirmisher (level 4, -4/37 HPs)
             Began as a Demonspawn Abyssal Knight on Apr 28, 2017.
             Was a Follower of Lugonu.
             Splashed by a jelly's acid (8 damage)
             ... on level 2 of the Dungeon.
             The game lasted 00:05:17 (2170 turns).

McKennaii the Skirmisher (DsAK)                     Turns: 2170, Time: 00:05:17

Health: -4/37      AC:  5    Str: 12    XL:     4   Next: 48%
Magic:  6/6        EV: 10    Int: 13    God:    Lugonu [*.....]
Gold:   136        SH:  3    Dex: 14    Spells: 0 memorised, 3 levels left

rFire  . . .     SeeInvis .     a - +1 falchion
rCold  . . .     Gourm    .     b - +0 leather armour
rNeg   + . .     Faith    .     w - +0 buckler
rPois  .         Spirit   .     t - +2 hat
rElec  .         Reflect  .     (no cloak)
rCorr  .         Harm     .     (no gloves)
MR     .....                    (no boots)
Stlth  +.........               i - amulet of rage
                                p - ring of wizardry
                                d - ring of positive energy

@: no status effects
A: claws 2
a: Depart the Abyss, Renounce Religion, Evoke Berserk Rage


You were on level 2 of the Dungeon.
You worshipped Lugonu.
Lugonu was aware of your devotion.
You were not hungry.

You visited 1 branch of the dungeon, and saw 2 of its levels.
You visited the Abyss 1 time.

You collected 136 gold pieces.

Inventory:

Hand Weapons
 a - a +1 falchion (weapon)
Armour
 b - a +0 leather armour (worn)
 t - a +2 hat (worn)
 w - a +0 buckler (worn)
Jewellery
 d - a ring of positive energy (left claw)
 i - an amulet of rage (around neck)
 j - an uncursed ring of fire
 p - a ring of wizardry (right claw)
 u - an uncursed ring of magical power {unknown}
Scrolls
 e - a scroll of fear {unknown}
 f - a scroll of silence {unknown}
 g - a scroll of immolation {unknown}
 h - 2 scrolls of teleportation {unknown}
 l - 2 scrolls of magic mapping {unknown}
 m - a scroll of remove curse {unknown}
 n - a scroll of noise {unknown}
 o - a scroll of amnesia {unknown}
 q - 2 scrolls of identify {unknown}
Potions
 k - a potion of might
 r - 2 potions of flight {unknown}
 s - a potion of lignification {unknown}
Comestibles
 c - 2 bread rations
 v - a beef jerky


   Skills:
 + Level 3.9 Fighting
 + Level 2.7 Long Blades
 + Level 2.5 Armour
 + Level 1.1 Dodging
 + Level 0.2 Stealth
 + Level 2.8 Invocations


You had 3 spell levels left.
You didn't know any spells.

Dungeon Overview and Level Annotations

Branches:
Dungeon (2/15)

Altars:
Dithmenos
Trog
Xom


Innate Abilities, Weirdness & Mutations

You have very sharp fingernails.


Message History

The jelly is lightly wounded.
The jelly hits you.
You are splashed with acid!
The acid burns!
* * * LOW HITPOINT WARNING * * *
You slash the jelly!
Your claws burn!
* * * LOW HITPOINT WARNING * * *
The jelly is heavily wounded.
The jelly barely misses you.
You hit the jelly.
Your claws burn!
* * * LOW HITPOINT WARNING * * *
The jelly is heavily wounded.
The jelly barely misses you.
You riposte.
You completely miss the jelly.
The jelly is heavily wounded.
The jelly closely misses you.
You are no longer corroded.
A hobgoblin comes into view. It is wielding a club.
The hobgoblin shouts!
The jelly hits you.
* * * LOW HITPOINT WARNING * * *
You are splashed with acid!
The acid burns!
You die...

#.#...###...#.[# #.# #.#
#.#...'.'._.##.# #.# #.#
#.....###...##.#####.# #.#
###...###...##.##....# #.#
#...'.+..###.##.#### #.########
#...########.##.# ###.........
#.#.######......## #...........
#)#.######...Jg#.###.........##
#.#...........@##>.#.........#
#.########.....#.#.#.........#
#..............)##.#.........##
##############.###.............
#.# ###....รท...(## #.#
#.........# #.# #.........# #.#
#.........# #.# #####.#####


You could see a jelly and a hobgoblin.

Vanquished Creatures
  A jelly (D:2)
  Jessica (D:2)
  An adder (D:2)
  An ooze (D:2)
  2 leopard geckos (D:1)
  2 giant cockroaches (D:2)
  3 goblins
  5 hobgoblins
  An iguana (D:2)
  4 bats (D:2)
  A frilled lizard (D:2)
  4 kobolds
  4 rats
30 creatures vanquished.

Notes
Turn   | Place    | Note
-------+----------+-------------------------------------------
     0 | Abyss:1  | McKennaii the Demonspawn Abyssal Knight began the quest for the Orb.
     0 | Abyss:1  | Reached XP level 1. HP: 18/18 MP: 2/2
   105 | Abyss:3  | Noticed a bone dragon
   111 | D:1      | Escaped the Abyss
   356 | D:1      | Gained mutation: You have sharp fingernails. [demonic ancestry]
   356 | D:1      | Reached XP level 2. HP: 13/24 MP: 3/3
   453 | D:1      | Reached * piety under Lugonu
   753 | D:2      | Noticed Jessica
   768 | D:2      | Killed Jessica
   768 | D:2      | Reached XP level 3. HP: 5/29 MP: 3/5
  1217 | D:2      | Found a shimmering altar of Xom.
  1275 | D:2      | Reached skill level 1 in Dodging
  1275 | D:2      | Gained mutation: You have very sharp fingernails. [demonic ancestry]
  1275 | D:2      | Reached XP level 4. HP: 10/37 MP: 6/6
  1384 | D:2      | Found a shadowy altar of Dithmenos.
  1906 | D:2      | Found a bloodstained altar of Trog.
  2170 | D:2      | Splashed by a jelly's acid

Skill      XL: |  1  2  3 |
---------------+----------+-----
Long Blades    | 2 |  2.7
Armour         | 2 |  2.5
Dodging        | 1 |  1.1
Fighting       | |  3.9
Stealth        | |  0.2
Invocations    | |  2.8

Action                   |  1- 3 |  4- 6 || total
-------------------------+-------+-------++-------
Melee: Falchion          |    85 |    39 ||   124
Invok: Depart the Abyss  |     1 |       ||     1
  Use: Potion            |     3 |       ||     3
  Eat: Chunk             |     1 |     3 ||     4
Armor: Leather armour    |    26 |    11 ||    37
Dodge: Dodged            |    48 |    28 ||    76
       Rpst.: Falchion   |    14 |     6 ||    20
